 Dungeon Crawl Stone Soup version 0.31-a0-1-g4198be8af4 (webtiles) character file.

Game seed: 6733774834660832873

100 LobsterGuardian the Trooper (level 4, -6/48 (50) HPs)
             Began as an Ogre Cinder Acolyte on Apr 30, 2023.
             Was a High Priest of Ignis.
             Mangled by Crazy Yiuf
             ... wielding a +2 quarterstaff of chaos
              (11 damage)
             ... on level 2 of the Dungeon.
             The game lasted 00:03:19 (1655 turns).

LobsterGuardian the Trooper (Ogre Cinder Acolyte)   Turns: 1655, Time: 00:03:19

HP:   -6/48 (50)    AC: 13    Str: 20    XL:     4   Next: 73%
MP:   3/5           EV:  7    Int: 15    God:    Ignis [*****.]
Gold: 76            SH:  6    Dex:  4    Spells: 3/5 levels left

rFire   + . .        a - -1 hand axe (flame)
rCold   . . .        f - +1 kite shield {AC+3}
rNeg    . . .        b - +0 robe
rPois   .            (helmet restricted)
rElec   .            (no cloak)
rCorr   +            (gloves unavailable)
SInv    .            (boots unavailable)
Will    .....        (no amulet)
Stlth   +            i - ring of resist corrosion
HPRegen 0.28/turn    (no ring)
MPRegen 0.09/turn

%: no passive effects
@: mighty, fiery-armoured, very slightly contaminated, lightly drained
A: large, unfitting armour, tough skin 1
a: Renounce Religion, Fiery Armour, Foxfire Swarm, Rising Flame


You were on level 2 of the Dungeon.
You worshipped Ignis.
Ignis was extremely pleased with you.
You visited 1 branch of the dungeon, and saw 2 of its levels.

You collected 76 gold pieces.

Inventory:

Hand Weapons
 a - a -1 hand axe of flaming (weapon)
Armour
 b - a +0 robe (worn)
 f - a +1 kite shield of protection (worn)
Jewellery
 i - a ring of resist corrosion (left hand)
Scrolls
 e - 2 scrolls of immolation {unknown}
 g - a scroll of blinking {unknown}
 m - a scroll of torment {unknown}
 n - a scroll of fear {unknown}
Potions
 c - 3 potions of attraction {unknown}
 d - 2 potions of might
 h - a potion of haste
 j - a potion of flight {unknown}
 k - a potion of mutation {unknown}
 o - a potion of cancellation {unknown}
 p - a potion of magic {unknown}


   Skills:
 + Level 5.0 Fighting
 * Level 4.8 Axes
 - Level 1.2 Spellcasting
 - Level 2.6 Fire Magic


You had 3 spell levels left.
You knew the following spells:

 Your Spells              Type           Power      Damage    Failure   Level
a - Scorch                Fire           16%        2d5       34%         2

Your spell library contained the following spells:

 Spells                   Type           Power      Damage    Failure   Level


Dungeon Overview and Level Annotations

Branches:
Dungeon (2/15)

Altars:

Annotations:
D:2 Crazy Yiuf


Innate Abilities, Weirdness & Mutations

You are too large for most types of armour.
You have tough skin. (AC +1)


Message History

You open the door.
You miscast Scorch.
You are very lightly contaminated with residual magic.
Nothing appears to happen.
Crazy Yiuf hits you with a +2 quarterstaff of chaos!
You resist with some effort.
A protective cloak of flame settles atop you.
Crazy Yiuf glowers.
Crazy Yiuf hits you but does no damage.
Crazy Yiuf is burned by your cloak of flames.
Crazy Yiuf is moderately wounded.
Unknown command.
You hit Crazy Yiuf but do no damage.
Crazy Yiuf is moderately wounded.
Crazy Yiuf grits, "Lay childish ragdoll!"
Crazy Yiuf hits you with a +2 quarterstaff of chaos.
You are electrocuted!!
* * * LOW HITPOINT WARNING * * *
Crazy Yiuf is burned by your cloak of flames.
Crazy Yiuf is heavily wounded.
It was a potion of curing.
You feel better. Crazy Yiuf barely misses you.
Unknown command.
You barely miss Crazy Yiuf.
Crazy Yiuf is heavily wounded.
Crazy Yiuf hits you with a +2 quarterstaff of chaos!
* * * LOW HITPOINT WARNING * * *
You feel drained.
* * * LOW HITPOINT WARNING * * *
Crazy Yiuf is burned by your cloak of flames.
Crazy Yiuf is severely wounded.
You feel better. You block Crazy Yiuf's attack.
Press: ? - help, v - describe, . - travel
Here: Crazy Yiuf, wielding a +2 quarterstaff of chaos and wearing a +0 cloak (severely wounded)
An open translucent door.
Unknown command.
You feel very mighty all of a sudden.
Crazy Yiuf hits you with a +2 quarterstaff of chaos.
* * * LOW HITPOINT WARNING * * *
You are electrocuted!
You die...

############ ### #.# ...........#
#.######.# ##########.#
#........# ### ########.#
######.# ####### #....#.#
###.P.#.### ### #.##.#.###
##...P..#..##...# #.##.#....
#....P.####@g...# #.##.#.###
#..#..## ###..)# #.##......
###.##### ### #.##.#.... #....#
#.##.###.# # #.#..# #..#.#....
####....################....#.#.#
.................>........#.#....
..................##........###.#
...#...##..#......#######.#.#....


You could see Crazy Yiuf.

Vanquished Creatures
  Jessica (D:2)
  Terence (D:2)
  An adder (D:2)
  2 worms (D:2)
  4 endoplasms
  5 goblins
  3 hobgoblins (D:2)
  4 jackals (D:1)
  2 quokkas
  A bat (D:2)
  4 frilled lizards
  3 kobolds (D:1)
  2 rats (D:1)
33 creatures vanquished.

Vanquished Creatures (others)
  6 fungi (D:2)
  5 plants (D:2)
11 creatures vanquished.

Grand Total: 44 creatures vanquished

Notes
Turn   | Place    | Note
-------+----------+-------------------------------------------
     0 | D:1      | LobsterGuardian the Ogre Cinder Acolyte began the quest for
                  | the Orb.
     0 | D:1      | Reached XP level 1. HP: 24/24 MP: 2/2
   131 | D:1      | Reached XP level 2. HP: 22/32 MP: 3/3
   135 | D:1      | Learned a level 2 spell: Scorch
   478 | D:2      | Noticed Terence
   486 | D:2      | Killed Terence
   487 | D:2      | Reached XP level 3. HP: 36/40 MP: 4/4
   558 | D:2      | Noticed Jessica
   570 | D:2      | Killed Jessica
   571 | D:2      | Reached XP level 4. HP: 47/49 MP: 0/5
   901 | D:2      | Found a faded altar of an unknown god.
  1361 | D:2      | Reached skill level 5 in Fighting
  1644 | D:2      | Found a runed translucent door.
  1645 | D:2      | Noticed Crazy Yiuf
  1655 | D:2      | Mangled by Crazy Yiuf

Illustrated notes

Levels and vault maps discovered:
D:1:      dpeg_arrival_shelter, layout_basic
D:2:      layout_basic, shapermc_ecumenical_altar_mp_urbaneastern, uniq_jessica,
          uniq_crazy_yiuf_cottage, uniq_terence

Skill      XL: |  1  2  3  4 |
---------------+-------------+-----
Axes           | 4 |  4.8
Fighting       | 5 |  5.0
Spellcasting   | |  1.2
Fire Magic     | |  2.6

Action                     |  1- 3 |  4- 6 || total
---------------------------+-------+-------++-------
  Melee: Hand axe          |    55 |    26 ||    81
   Cast: Scorch            |     1 |     6 ||     7
 Invoke: Fiery Armour      |       |     1 ||     1
    Use: Scroll            |     2 |       ||     2
         Potion            |     1 |     3 ||     4
 Armour: Robe              |    20 |     7 ||    27
  Dodge: Dodged            |    18 |     6 ||    24
  Block: Kite shield       |    11 |     6 ||    17

Table legend: (Time is in decaauts)
 A = Elapsed time spent in this place.
 B = Non-inter-level travel time spent in this place.
 C = Inter-level travel time spent in this place.
 D = Time resting spent in this place.
 E = Time spent auto-exploring this place.
 F = Levels seen in this place.
 G = Mean time per level.
                   A        B        C        D        E       F      G
               +--------+--------+--------+--------+--------+-----+--------+
         Total |   1673 |   1645 |     28 |      0 |   1404 |   2 |  836.5 |
       Dungeon |   1673 |   1645 |     28 |      0 |   1404 |   2 |  836.5 |
               +--------+--------+--------+--------+--------+-----+--------+

Top non-repeatable levels by time:
     D:2: 1190 daAuts
     D:1: 483 daAuts
